 Dungeon Crawl Stone Soup version 0.29-a0-617-g7a6b98fccd (webtiles) character file.

Game seed: 5837109719251209510

67 spaghetti the Archer (level 4, -3/41 HPs)
             Began as a Gnoll Wanderer on June 17, 2022.
             Slain by Sigmund
             ... wielding a +0 scythe
              (8 damage)
             ... on level 2 of the Dungeon.
             The game lasted 00:03:12 (1103 turns).

spaghetti the Archer (Gnoll Wanderer)               Turns: 1103, Time: 00:03:12

Health: -3/41      AC:  5    Str: 11    XL:     4   Next: 18%
Magic:  8/8        EV: 11    Int: 14    God:
Gold:   18         SH:  0    Dex: 11    Spells: 7/8 levels left

rFire   . . .      SeeInvis .   b - +1 short sword (vamp) {short}
rCold   . . .      Faith    .   (no shield)
rNeg    . . .      Spirit   .   c - +0 robe
rPois   .          Reflect  .   (no helmet)
rElec   .          Harm     .   (no cloak)
rCorr   .          Rampage  .   (no gloves)
Will    .....                   h - +2 pair of boots
Stlth   +.........              (no amulet)
HPRegen 0.13/turn               (no ring)
MPRegen 0.11/turn               (no ring)

@: hasted (expiring), invisible, very quick
A: fangs 1, strong nose, distributed training
a: no special abilities


You were on level 2 of the Dungeon.
You visited 1 branch of the dungeon, and saw 2 of its levels.

You collected 64 gold pieces.
You spent 46 gold pieces at shops.


Innate Abilities, Weirdness & Mutations

You have very sharp teeth.
Your uncanny sense of smell can sniff out nearby items.
Your experience applies equally to all skills.


   Skills:
 + Level 6.6 Fighting
 + Level 1.0 Short Blades
 + Level 1.0 Long Blades
 + Level 1.0 Axes
 + Level 1.0 Maces & Flails
 + Level 1.0 Polearms
 + Level 1.0 Staves
 + Level 1.0 Slings
 + Level 8.5 Bows
 + Level 1.0 Crossbows
 + Level 1.0 Throwing
 + Level 2.7 Armour
 + Level 1.0 Dodging
 + Level 1.0 Stealth
 + Level 1.0 Shields
 + Level 1.0 Unarmed Combat
 + Level 2.9 Spellcasting
 + Level 2.2 Conjurations
 + Level 0.8 Hexes
 + Level 0.8 Summonings
 + Level 0.8 Necromancy
 + Level 0.8 Translocations
 + Level 0.8 Transmutations
 + Level 0.8 Fire Magic
 + Level 0.8 Ice Magic
 + Level 0.8 Air Magic
 + Level 0.8 Earth Magic
 + Level 0.8 Poison Magic
 + Level 1.1 Invocations
 + Level 1.0 Evocations


You had 7 spell levels left.
You knew the following spells:

 Your Spells              Type           Power      Damage    Failure   Level
a - Shock                 Conj/Air       24%        1d4       12%         1

Your spell library contained the following spells:

 Spells                   Type           Power      Damage    Failure   Level
 Foxfire                  Conj/Fire      24%        2x1d5     12%         1
 Conjure Flame            Conj/Fire      6%         6-21      34%         3
 Inner Flame              Hex/Fire       4%         N/A       43%         3
 Flame Wave               Conj/Fire      6%         2d5       75%         4
 Corpse Rot               Necr/Pois/Air  4%         N/A       83%         4
 Dispel Undead            Necr           4%         3d7       83%         4
 Death Channel            Necr           2%         N/A       100%        6

Inventory:

Hand Weapons
 a - a +3 shortbow of flaming {bow}
 b - a +1 vampiric short sword (weapon) {short}
   (You took it off a kobold on level 1 of the Dungeon)
 e - a +1 dagger of draining {short}
   (You found it on level 1 of the Dungeon)
Missiles
 i - 12 stones {throwing}
Armour
 c - a +0 robe (worn)
 h - a +2 pair of boots (worn)
   (You found it on level 1 of the Dungeon)
Scrolls
 d - a scroll of teleportation {@r4}
 g - a scroll of vulnerability {!r!r}
 k - a scroll of amnesia

Dungeon Overview and Level Annotations

Branches:
Dungeon (2/15) Zot: 10903

Altars:

Shops:
D:1 :   D:2 ??

Annotations:
D:2 Sigmund

#.#
#.........#
#.#
#.........#
#.#
.........#
#.#
#########
#.# #.# #.#
∆ ####.#
#..{@#
#.#### #


There were no monsters in sight!


Message History

You hear some strange, mumbled words.
A puff of flame appears from out of thin air!
The puff of flame misses you. 😨 HP[+1]
You barely miss something.
You hear some strange, mumbled words.
A magic dart appears from out of thin air!
The magic dart hits you but does no damage.
You miss something.
You hear some strange, mumbled words.
You are confused.
Unknown command.
You feel better. 😮 HP[+11]
You regained 11 hp, and now have 30/41 hp.
You barely miss something.
You hear some strange, mumbled words.
You are confused.
Unknown command.
Unknown command.
You feel better. Something hits you. 😕 HP[+6]
You regained 6 hp, and now have 36/41 hp.
You barely miss something.
Unknown command.
Unknown command.
Unknown command.
You closely miss something. Your punch misses something. You hit something.
You feel better. Something hits you. 😕 HP[-1]
You take 1 damage, and now have 35/41 hp.
You barely miss something. Your bite misses something.
You barely miss something. Something hits you! 😮 HP[-10]
You take 10 damage, and now have 25/41 hp.
MASSIVE DAMAGE!! (PAUSE) Unknown command.
You closely miss something. 😮 HP[+1]
You closely miss something. Something hits you!
* * * LOW HITPOINT WARNING * * *
😨 HP[-11]
You take 11 damage, and now have 15/41 hp.
MASSIVE DAMAGE!! (PAUSE) Unknown command.
You miss something. Your bite misses something. You hit something.
You hit something.
You feel better. Something hits you.
* * * LOW HITPOINT WARNING * * *
😨 HP[-2]
You take 2 damage, and now have 13/41 hp.
Unknown command.
Unknown command.
You hit something.
You hear some strange, mumbled words.
A puff of flame appears from out of thin air!
The puff of flame hits you.
* * * LOW HITPOINT WARNING * * *
😱 HP[-4]
You take 4 damage, and now have 9/41 hp.
You hit something.
You feel better.
Your bite misses something. 😱 HP[+1]
You miss something.
You hear some strange, mumbled words.
You are confused.
A magic dart appears from out of thin air!
The magic dart hits you.
* * * LOW HITPOINT WARNING * * *
😱 HP[-6]
You take 6 damage, and now have 4/41 hp.
Unknown command.
Unknown command.
You are too confused!
You aren't carrying any potions.
You are too confused!
You are too confused!
Unknown command.
Unknown command.
You bump into the rock wall.
Unknown command.
Unknown command.
You bump into the rock wall.
Something hits you but does no damage. 😱 HP[+1] Unknown command.
You closely miss something.
Your extra speed is starting to run out.
Unknown command.
You bump into the rock wall.
Unknown command.
You hear some strange, mumbled words.
A puff of flame appears from out of thin air!
Unknown command.
Unknown command.
You bump into the rock wall.
Unknown command.
Unknown command.
You bump into the rock wall.
You feel less confused.
You miss something. Something hits you!
You die...

Skill      XL: |  1  2  3 |
---------------+----------+-----
Conjurations   | 2 |  2.2
Invocations    | 1 |  1.1
Short Blades   | 1 |  1.0
Long Blades    | 1 |  1.0
Axes           | 1 |  1.0
Maces & Flails | 1 |  1.0
Polearms       | 1 |  1.0
Staves         | 1 |  1.0
Slings         | 1 |  1.0
Crossbows      | 1 |  1.0
Throwing       | 1 |  1.0
Dodging        | 1 |  1.0
Stealth        | 1 |  1.0
Shields        | 1 |  1.0
Unarmed Combat | 1 |  1.0
Evocations     | 1 |  1.0
Fighting       | |  6.6
Bows           | |  8.5
Armour         | |  2.7
Spellcasting   | |  2.9
Hexes          | |  0.8
Summonings     | |  0.8
Necromancy     | |  0.8
Translocations | |  0.8
Transmutations | |  0.8
Fire Magic     | |  0.8
Ice Magic      | |  0.8
Air Magic      | |  0.8
Earth Magic    | |  0.8
Poison Magic   | |  0.8

Action                   |  1- 3 |  4- 6 || total
-------------------------+-------+-------++-------
Melee: Short sword       |     2 |    28 ||    30
 Fire: Shortbow          |    71 |    19 ||    90
  Use: Scroll            |     3 |     2 ||     5
       Potion            |       |     4 ||     4
Armor: Robe              |     6 |     2 ||     8
Dodge: Dodged            |    14 |    10 ||    24

Levels and vault maps discovered:
D:1:      tarquinn_simple_flora_water_e, layout_basic,
          ebering_ecumenical_altar_box, serial_shops, nicolae_diamond_shop,
          moated_statue
D:2:      layout_basic, serial_shops, shop, shop, uniq_sigmund

Notes
Turn   | Place    | Note
-------+----------+-------------------------------------------
     0 | D:1      | spaghetti the Gnoll Wanderer began the quest for the Orb.
     0 | D:1      | spaghetti set off with the following items: a +3 shortbow
                  | {bow}, a scroll of teleportation {@r4}, a +0 robe; and the
                  | following spell memorised: Shock; and the following spells
                  | available to memorise: Conjure Flame.
     0 | D:1      | Reached XP level 1. HP: 23/23 MP: 4/4
     0 | D:1      | magus.rc [v1.9.6]
    30 | D:1      | You pick up a book of Decay and begin reading...
    30 | D:1      | You add the spells Corpse Rot, Dispel Undead and Death
                  | Channel to your library.
    75 | D:1      | Reached skill level 2 in Conjurations
   183 | D:1      | Reached XP level 2. HP: 29/29 MP: 5/5
   289 | D:1      | Found Zunytt's Book Boutique.
   292 | D:1      | You pick up a book of Flames and begin reading...
   292 | D:1      | You add the spells Foxfire, Inner Flame and Flame Wave to
                  | your library.
   334 | D:1      | Reached XP level 3. HP: 35/35 MP: 7/7
   393 | D:1      | Reached skill level 1 in Invocations
   397 | D:1      | Found a faded altar of an unknown god.
   588 | D:2      | Found Osuppuett's Magic Scroll Shoppe.
   596 | D:2      | Reached skill level 1 in Short Blades
   596 | D:2      | Reached skill level 1 in Long Blades
   596 | D:2      | Reached skill level 1 in Axes
   596 | D:2      | Reached skill level 1 in Maces & Flails
   596 | D:2      | Reached skill level 1 in Polearms
   596 | D:2      | Reached skill level 1 in Staves
   596 | D:2      | Reached skill level 1 in Slings
   596 | D:2      | Reached skill level 1 in Crossbows
   596 | D:2      | Reached skill level 1 in Throwing
   596 | D:2      | Reached skill level 1 in Dodging
   596 | D:2      | Reached skill level 1 in Stealth
   596 | D:2      | Reached skill level 1 in Shields
   596 | D:2      | Reached skill level 1 in Unarmed Combat
   596 | D:2      | Reached skill level 1 in Evocations
   599 | D:2      | Bought a scroll of identify for 22 gold pieces
   644 | D:2      | Reached XP level 4. HP: 41/41 MP: 8/8
   882 | D:2      | Found Owaciph's Magic Scroll Shoppe.
   887 | D:2      | Bought a scroll of identify for 24 gold pieces
  1059 | D:2      | Noticed Sigmund
  1091 | D:2      | HP: 9/41 [something/puff of flame (4)]
  1094 | D:2      | HP: 4/41 [something/magic dart (6)]
  1103 | D:2      | Slain by Sigmund

Vanquished Creatures
  An adder (D:2)
  2 dart slugs (D:1)
  6 endoplasms
  A giant cockroach (D:1)
  3 goblins
  3 hobgoblins (D:1)
  6 jackals (D:1)
  5 kobolds
  4 quokkas (D:1)
  8 ball pythons
  2 bats (D:2)
  3 frilled lizards (D:1)
  6 rats
50 creatures vanquished.

Table legend:
 A = Non-vault XP
 B = Vault XP
 C = Vault XP percentage of total XP
 D = Non-vault monster count
 E = Vault monster count
 F = Vault count percentage of total count
                 A         B        C        D         E       F
            +---------+---------+-------+---------+---------+-------
      Total |      97 |       0 |   0.0 |      50 |       0 |   0.0
            +---------+---------+-------+---------+---------+-------
        D:1 |      62 |       0 |   0.0 |      34 |       0 |   0.0
        D:2 |      35 |       0 |   0.0 |      16 |       0 |   0.0
            +---------+---------+-------+---------+---------+-------

Illustrated notes

Table legend:
 A = Kills in this place as a percentage of kills in entire the game.
 B = Kills by you in this place as a percentage of kills by you in the entire game.
 C = Kills by friends in this place as a percentage of kills by friends in the entire game.
 D = Other kills in this place as a percentage of other kills in the entire game.
 E = Experience gained in this place as a percentage of experience gained in the entire game.
 F = Experience gained in this place divided by the number of levels of this place that you have seen.
                   A       B       C       D       E      F
               +-------+-------+-------+-------+-------+----------------------
         Total | 100.0 | 100.0 |   N/A |   N/A | 100.0 |  48.5
       Dungeon | 100.0 | 100.0 |   N/A |   N/A | 100.0 |  48.5
               +-------+-------+-------+-------+-------+----------------------

Table legend: (Time is in decaauts)
 A = Elapsed time spent in this place.
 B = Non-inter-level travel time spent in this place.
 C = Inter-level travel time spent in this place.
 D = Time resting spent in this place.
 E = Time spent auto-exploring this place.
 F = Levels seen in this place.
 G = Mean time per level.
                   A        B        C        D        E       F      G
               +--------+--------+--------+--------+--------+-----+--------+
         Total |   1095 |   1079 |     16 |      0 |    855 |   2 |  547.5 |
       Dungeon |   1095 |   1079 |     16 |      0 |    855 |   2 |  547.5 |
               +--------+--------+--------+--------+--------+-----+--------+

Top non-repeatable levels by time:
     D:2: 558 daAuts
     D:1: 537 daAuts
